 Dungeon Crawl Stone Soup version 0.31-a0-145-g046c7d2549 (webtiles) character file.

Game seed: 3374330564549950778

665 olmar the Grasshopper (level 7, -8/56 HPs)
             Began as a Gnoll Warper on June 6, 2023.
             Mangled by Maggie
             ... wielding a +2 war axe of flaming
              (11 damage)
             ... on level 5 of the Dungeon.
             The game lasted 00:08:44 (5811 turns).

olmar the Grasshopper (Gnoll Warper)                Turns: 5811, Time: 00:08:44

Health: -8/56      AC:  6    Str: 10    XL:     7   Next: 57%
Magic:  10/15      EV: 12    Int: 14    God:
Gold:   296        SH:  0    Dex: 10    Spells: 12/17 levels left

rFire   . . .        v - +4 quarterstaff (chaos)
rCold   . . .        (shield currently unavailable)
rNeg    . . .        y - +2 leather armour {Will+}
rPois   .            (no helmet)
rElec   .            w - +0 cloak
rCorr   .            (no gloves)
SInv    .            (no boots)
Will    +....        (no amulet)
Stlth   ++           (no ring)
HPRegen 0.29/turn    (no ring)
MPRegen 0.14/turn

%: clarity
@: hasted, very quick
A: fangs 1, strong nose, distributed training, clarity, clumsy 1
a: no special abilities


You were on level 5 of the Dungeon.
You visited 1 branch of the dungeon, and saw 6 of its levels.

You collected 296 gold pieces.

Inventory:

Hand Weapons
 a - a +0 mace
 h - a +0 dagger of electrocution
 i - a +1 dagger of venom
 s - a +2 sling of draining
 v - a +4 quarterstaff of chaos (weapon)
Missiles
 d - 6 boomerangs of dispersal (quivered)
 g - 10 poisoned darts
 A - 4 stones
Armour
 b - a +0 leather armour
 c - +0 storm dragon scales
 w - a +0 cloak (worn)
 y - a +2 leather armour of willpower (worn)
Wands
 u - a wand of flame (20)
Scrolls
 e - a scroll of teleportation {unknown}
 f - 2 scrolls of fear
 j - a scroll of amnesia {unknown}
 k - a scroll of silence {unknown}
 l - 2 scrolls of noise {unknown}
 m - a scroll of blinking
 n - a scroll of enchant weapon {unknown}
 o - 2 scrolls of fog
 p - a scroll of poison {unknown}
 t - a scroll of butterflies {unknown}
 x - 2 scrolls of identify {unknown}
Potions
 r - a potion of mutation


   Skills:
 + Level 5.3 Fighting
 + Level 2.7 Short Blades
 + Level 2.7 Long Blades
 + Level 2.7 Axes
 + Level 5.3 Maces & Flails
 + Level 2.7 Polearms
 + Level 2.7 Staves
 + Level 2.7 Ranged Weapons
 + Level 3.8 Throwing
 + Level 3.8 Armour
 + Level 5.3 Dodging
 + Level 2.7 Stealth
 + Level 2.7 Shields
 + Level 2.7 Unarmed Combat
 + Level 5.7 Spellcasting
 + Level 2.2 Conjurations
 + Level 2.2 Hexes
 + Level 2.2 Summonings
 + Level 2.2 Necromancy
 + Level 5.9 Translocations
 + Level 2.2 Transmutations
 + Level 2.2 Fire Magic
 + Level 2.2 Ice Magic
 + Level 2.2 Air Magic
 + Level 2.2 Earth Magic
 + Level 2.2 Poison Magic
 + Level 3.0 Invocations
 + Level 2.7 Evocations


You had 12 spell levels left.
You knew the following spells:

 Your Spells              Type           Power      Damage    Failure   Level
a - Blink                 Tloc           40%        N/A       2%          2
b - Vhi's Electric Charg  Tloc/Air       30%        N/A       12%         3

Your spell library contained the following spells:

 Spells                   Type           Power      Damage    Failure   Level
 Lesser Beckoning         Tloc           40%        N/A       2%          2
 Teleport Other           Tloc           20%        N/A       5%          3
 Shock                    Conj/Air       40%        1d5       9%          1
 Wereblood                Tmut           10%        N/A       13%         2
 Manifold Assault         Tloc           20%        N/A       19%         4
 Frozen Ramparts          Ice            20%        1d4       26%         3
 Ozocubu's Armour         Ice            10%        N/A       26%         3
 Swiftness                Air            10%        N/A       26%         3
 Airstrike                Air            5%         2d(1-17)  65%         4
 Alistair's Intoxication  Tmut/Pois      6%         N/A       94%         5


Dungeon Overview and Level Annotations

Branches:
Dungeon (6/15)             Temple (0/1) D:6

Altars:
Cheibriados
Fedhas
Nemelex Xobeh
Qazlal

Annotations:
D:5 Maggie


Innate Abilities, Weirdness & Mutations

You have very sharp teeth.
Your uncanny sense of smell can sniff out nearby items.
Your experience applies equally to all skills.
You possess an exceptional clarity of mind.
You are clumsy. (Dex -2)


Message History

It was a potion of haste.
You feel yourself speed up. Maggie barely misses you.
You hit Maggie but do no damage. Lightning courses through Maggie!
Maggie is moderately wounded.
Maggie hits you with a +2 war axe of flaming!
* * * LOW HITPOINT WARNING * * *
Maggie burns you.
* * * LOW HITPOINT WARNING * * *
You feel better.
Maggie hits you with a +2 war axe of flaming!
* * * LOW HITPOINT WARNING * * *
Maggie burns you.
* * * LOW HITPOINT WARNING * * *
Casting: Vhi's Electric Charge (dangerous; 12% risk of failure)
Confirm with . or Enter, or press ? or * to list all spells.
You blink.
Unknown command.
Throw: 7 boomerangs (disperse)
Press: ? - help, Q - select action, (/) - cycle Shift-Dir - straight line, f - Maggie
Aim: Maggie, wielding a +2 war axe of flaming and wearing +0 swamp dragon scales (moderately wounded, magic disrupted, 63% to hit)
You throw a boomerang of dispersal.
The boomerang of dispersal hits Maggie and shatters for extra damage.
Maggie blinks!
You start resting.
You feel stable enough to blink again.
Unknown command.
Casting: Blink (safe; 2% risk of failure)
Confirm with . or Enter, or press ? or * to list all spells.
Okay, then.
Casting: Blink (safe; 2% risk of failure)
Confirm with . or Enter, or press ? or * to list all spells.
Charge where?
Press: ? - help, Dir - move target, f/p - Maggie
Aim: Maggie, wielding a +2 war axe of flaming and wearing +0 swamp dragon scales (heavily wounded, 84% to hit)
You charge forward with an electric crackle!
You hit Maggie and electrocute her.
Maggie seems to speed up.
You bite Maggie, but do no damage.
Maggie is heavily wounded.
Maggie says, "How do the people who live here stand the isolation?"
Maggie hits you with a +2 war axe of flaming!
You die...

.........#..###................#)
.........##..............#######.
.........##..#.......#)#.........
###########....#...#.#.##########
##.#.#.###.#.# #.#.#.###.#.#
#.#...#.....# #.#ยงยง.#...###
#.#.#@@.### #.#....># # #.###.#.#
# #.#...#.# # #.#.###.# #
#.#<<...# #
#.####################
#.............##......
###......####.##.#####


You could see Maggie (fast).

Vanquished Creatures
  An ice beast (D:5)
  A black bear (D:5)
  A phantom (D:4)
  A howler monkey (D:4)
  2 hounds
  A jelly (D:5)
  Crazy Yiuf (D:4)
  An iguana (D:4)
  3 gnolls (D:5)
  6 adders
  2 ufetubi (D:4)
  4 worms
  4 dart slugs
  8 orcs
  5 bats
  12 endoplasms
  A giant cockroach (D:2)
  8 goblins
  6 hobgoblins
  10 jackals
  9 quokkas
  8 ball pythons
  8 frilled lizards
  5 kobolds
  10 rats
118 creatures vanquished.

Vanquished Creatures (others)
  A jackal (D:1)
1 creature vanquished.

Grand Total: 119 creatures vanquished

Notes
Turn   | Place    | Note
-------+----------+-------------------------------------------
     0 | D:1      | olmar the Gnoll Warper began the quest for the Orb.
     0 | D:1      | Reached XP level 1. HP: 20/20 MP: 6/6
    59 | D:1      | Reached XP level 2. HP: 17/26 MP: 7/7
   429 | D:1      | Found a faded altar of an unknown god.
   501 | D:1      | Learned a level 2 spell: Blink
   530 | D:1      | Reached skill level 5 in Spellcasting
   530 | D:1      | Reached XP level 3. HP: 8/31 MP: 7/9
   897 | D:1      | Reached skill level 1 in Invocations
  1449 | D:2      | Reached skill level 1 in Short Blades
  1449 | D:2      | Reached skill level 1 in Long Blades
  1449 | D:2      | Reached skill level 1 in Axes
  1449 | D:2      | Reached skill level 1 in Polearms
  1449 | D:2      | Reached skill level 1 in Staves
  1449 | D:2      | Reached skill level 1 in Ranged Weapons
  1449 | D:2      | Reached skill level 1 in Stealth
  1449 | D:2      | Reached skill level 1 in Shields
  1449 | D:2      | Reached skill level 1 in Unarmed Combat
  1449 | D:2      | Reached skill level 1 in Evocations
  1545 | D:2      | Learned a level 3 spell: Vhi's Electric Charge
  1736 | D:2      | Reached XP level 4. HP: 27/38 MP: 11/11
  1811 | D:2      | Found a sparkling altar of Nemelex Xobeh.
  1821 | D:2      | Identified the +5 scale mail of Vojet {MP+9}
  2262 | D:3      | Reached skill level 1 in Conjurations
  2262 | D:3      | Reached skill level 1 in Hexes
  2262 | D:3      | Reached skill level 1 in Summonings
  2262 | D:3      | Reached skill level 1 in Necromancy
  2262 | D:3      | Reached skill level 1 in Transmutations
  2262 | D:3      | Reached skill level 1 in Fire Magic
  2262 | D:3      | Reached skill level 1 in Ice Magic
  2262 | D:3      | Reached skill level 1 in Air Magic
  2262 | D:3      | Reached skill level 1 in Earth Magic
  2262 | D:3      | Reached skill level 1 in Poison Magic
  2650 | D:3      | Got the Omnibus of Mutagenic Graupel
  2869 | D:3      | Reached XP level 5. HP: 40/43 MP: 12/12
  3194 | D:4      | Gained mutation: You possess an exceptional clarity of
                  | mind. [potion of mutation]
  3194 | D:4      | Gained mutation: You are clumsy. (Dex -2) [potion of
                  | mutation]
  3605 | D:4      | Reached XP level 6. HP: 41/50 MP: 13/13
  3635 | D:4      | Reached skill level 5 in Fighting
  3635 | D:4      | Reached skill level 5 in Maces & Flails
  3635 | D:4      | Reached skill level 5 in Dodging
  4077 | D:4      | Found a runed translucent door.
  4078 | D:4      | Noticed Crazy Yiuf
  4343 | D:4      | Killed Crazy Yiuf
  4443 | D:5      | Entered Level 5 of the Dungeon
  4459 | D:5      | Found a sparkling altar of Nemelex Xobeh.
  4475 | D:5      | Noticed a black bear
  4478 | D:5      | Noticed an ice beast
  4777 | D:5      | Killed a black bear
  4778 | D:5      | Reached XP level 7. HP: 26/56 MP: 15/15
  5179 | D:5      | Noticed Ijyb
  5182 | D:5      | Found a stormy altar of Qazlal.
  5191 | D:5      | Found a blossoming altar of Fedhas.
  5521 | D:5      | Found a snail-covered altar of Cheibriados.
  5795 | D:6      | Noticed Maggie
  5795 | D:6      | Found a staircase to the Ecumenical Temple.
  5804 | D:5      | HP: 2/56 [Maggie/+2 war axe of flaming (1)]
  5811 | D:5      | Mangled by Maggie

Illustrated notes

Levels and vault maps discovered:
D:1:      erik_arrival_cave_to_civilisation [erik_arrival_cave_to_hall],
          layout_basic, dreamdust_ecumenical_altar_angels_and_demons,
          minmay_tripent
D:2:      layout_basic, basic_altar
D:3:      layout_loops_cross, minmay_misc_feat_ornament, grunt_ministairs_8,
          minmay_quantized
D:4:      layout_loops_ring, kennysheep_generic_room_10, uniq_crazy_yiuf_cottage
D:5:      layout_basic, grunt_temple_overflow_forces_of_nature, kennysheep_mini,
          mainiacjoe_overflow_cross_hatched, chequers_mini_garden, uniq_ijyb
D:6:      layout_cave_pools, minmay_temple_entry_drinking_statues, uniq_maggie,
          uniq_blork_the_orc

Skill      XL: |  1  2  3  4  5  6  7 |
---------------+----------------------+-----
Spellcasting   | 5 |  5.7
Invocations    | 1 2 3 |  3.0
Short Blades   | 1 2 |  2.7
Long Blades    | 1 2 |  2.7
Axes           | 1 2 |  2.7
Polearms       | 1 2 |  2.7
Staves         | 1 2 |  2.7
Ranged Weapons | 1 2 |  2.7
Stealth        | 1 2 |  2.7
Shields        | 1 2 |  2.7
Unarmed Combat | 1 2 |  2.7
Evocations     | 1 2 |  2.7
Conjurations   | 1 2 |  2.2
Hexes          | 1 2 |  2.2
Summonings     | 1 2 |  2.2
Necromancy     | 1 2 |  2.2
Transmutations | 1 2 |  2.2
Fire Magic     | 1 2 |  2.2
Ice Magic      | 1 2 |  2.2
Air Magic      | 1 2 |  2.2
Earth Magic    | 1 2 |  2.2
Poison Magic   | 1 2 |  2.2
Throwing       | 3 |  3.8
Armour         | 3 |  3.8
Fighting       | 5 |  5.3
Maces & Flails | 5 |  5.3
Dodging        | 5 |  5.3
Translocations | |  5.9

Action                     |  1- 3 |  4- 6 |  7- 9 || total
---------------------------+-------+-------+-------++-------
  Melee: Mace              |    53 |       |       ||    53
         Dagger            |    94 |   199 |       ||   293
         Bite              |    14 |    25 |     6 ||    45
         Punch             |     1 |     1 |       ||     2
         Quarterstaff      |       |    41 |    32 ||    73
         Unarmed           |       |       |     1 ||     1
   Fire: Sling             |       |    10 |       ||    10
  Throw: Dart              |     4 |    14 |     1 ||    19
         Boomerang         |       |       |     1 ||     1
   Cast: Blink             |       |     5 |     3 ||     8
         Vhi's Electric Ch |       |       |     2 ||     2
  Evoke: Wand              |       |       |     5 ||     5
    Use: Scroll            |     1 |     3 |       ||     4
         Potion            |       |     4 |     2 ||     6
   Stab: Sleeping          |     1 |     3 |     1 ||     5
 Armour: Leather armour    |    46 |    60 |     6 ||   112
  Dodge: Dodged            |    93 |   172 |    19 ||   284

Table legend: (Time is in decaauts)
 A = Elapsed time spent in this place.
 B = Non-inter-level travel time spent in this place.
 C = Inter-level travel time spent in this place.
 D = Time resting spent in this place.
 E = Time spent auto-exploring this place.
 F = Levels seen in this place.
 G = Mean time per level.
                   A        B        C        D        E       F      G
               +--------+--------+--------+--------+--------+-----+--------+
         Total |   5810 |   5573 |    237 |    728 |   3774 |   6 |  968.3 |
       Dungeon |   5810 |   5573 |    237 |    728 |   3774 |   6 |  968.3 |
               +--------+--------+--------+--------+--------+-----+--------+

Top non-repeatable levels by time:
     D:4: 1675 daAuts
     D:1: 1360 daAuts
     D:5: 1029 daAuts
     D:3: 924 daAuts
     D:2: 816 daAuts
     D:6: 3 daAuts
